Map: Blueshift LE

Players

jjakjirax - Winner!

  • Race: Terran Terran
  • League: Master
  • Spawn Location: 1:00

Methodape

  • Race: Terran Terran
  • League: Master
  • Spawn Location: 7:00

VOD

Have the link to the VOD?

Description

Time

  • Played on: Sept. 19, 2018, 6 a.m.
  • Length: 17:59
Show
View Real Time Build Order
Export as new Build Order

jjakjirax Terran - Winner!

Build Orders: 1/1/1, Cyclone Opening 

Get SALT Encoding   

  12  0:00  SCV  
  13  0:13  SCV  
  14  0:17  Supply Depot  
  14  0:25  SCV  
  15  0:29  Refinery  
  15  0:38  SCV  
  16  0:46  Barracks  
  16  0:51  SCV  
  17  1:03  SCV  
  18  1:05  Refinery  
  18  1:15  SCV  
  19  1:35  Orbital Command  
  19  1:36  Factory  
  19  1:39  Reaper  
  20  1:49  Supply Depot  
  20  2:01  SCV  
  21  2:11  Reaper  
  22  2:26  Starport, Hellion  
  24  2:37  SCV  
  25  2:43  Supply Depot  
  25  2:45  Command Center  
  25  2:49  SCV  
  26  2:53  Barracks Tech Lab  
  26  2:56  Cyclone  
  29  3:03  SCV  
  30  3:15  Cloaking Field  
  30  3:16  SCV  
  31  3:28  SCV  
  32  3:36  Banshee  
  32  3:38  Barracks Reactor  
  32  3:40  SCV  
  34  3:50  Bunker  
  34  3:55  Factory Tech Lab  
  34  3:56  SCV  
  34  3:57  Orbital Command  
  35  4:08  SCV  
  36  4:14  Siege Tank  
  36  4:15  Marine x2  
  41  4:20  SCV  
  42  4:24  Banshee  
  42  4:25  SCV  
  42  4:28  Supply Depot  
  42  4:30  Engineering Bay  
  46  4:32  SCV  
  46  4:33  Marine x2  
  46  4:37  SCV  
  50  4:44  SCV  
  51  4:47  Siege Tank  
  51  4:50  SCV  
  51  4:52  Marine x2  
  57  4:56  Supply Depot, SCV  
  58  5:02  SCV  
  59  5:10  Marine x2  
  59  5:11  Banshee  
  59  5:12  SCV  
  62  5:17  SCV  
  62  5:19  Supply Depot  
  63  5:24  SCV  
  63  5:25  Siege Tank  
  63  5:28  Marine x2  
  68  5:30  SCV  
  68  5:31  Supply Depot  
  68  5:32  Supply Depot  
  70  5:41  SCV  
  70  5:42  SCV  
  72  5:47  Marine  
  72  5:48  Marine  
  74  5:53  SCV  
  74  5:54  SCV  
  76  5:59  Raven  
  76  6:00  Command Center  
  78  6:05  SCV, Marine  
  80  6:18  Marine  
  81  6:19  SCV x2  
  81  6:23  Barracks, Marine  
  81  6:24  Barracks  
  84  6:30  Bunker  
  84  6:50  Marine x2  
  88  6:54  Siege Tank  
  88  6:58  Engineering Bay x2  
  88  7:04  Bunker  
  88  7:21  Marine x2  
  88  7:22  Barracks Tech Lab  
  90  7:23  Barracks Tech Lab  
  90  7:26  Orbital Command, SCV x2  
  92  7:31  Barracks  
  92  7:33  Barracks  
  92  7:38  SCV x2  
  94  7:49  Stimpack, Combat Shield  
  94  7:50  Marauder, Terran Infantry Weapons Level 1, SCV x2, Marine  
  98  7:52  SCV  
  94  8:00  Marine  
  94  8:01  Marine  
  94  8:02  SCV x2  
  94  8:04  SCV  
  94  8:05  Refinery  
  99  8:06  Refinery  
  99  8:07  Marine  
  99  8:08  Starport Reactor  
  100  8:13  Refinery  
  100  8:14  SCV x2  
  100  8:16  Refinery, SCV  
  98  8:26  SCV x2  
  100  8:28  SCV  
  101  8:38  SCV  
  101  8:39  SCV, Marine, Terran Infantry Armor Level 1  
  101  8:40  Barracks Tech Lab, SCV, Marine  
  104  8:41  Barracks Tech Lab  
  104  8:47  Marauder, Marine  
  91  9:21  Marauder x2, Marine  
  91  9:22  Marauder, Siege Tank, Medivac x2  
  91  9:23  Marauder, Marine  
  108  9:39  Marine  
  108  9:43  Armory, Command Center  
  108  9:45  SCV x2, Marine  
  109  9:46  Command Center  
  109  9:50  SCV, Marine x2  
  109  9:51  Marauder x2  
  109  9:52  Supply Depot  
  116  9:53  Refinery x2, Supply Depot  
  116  9:57  Marine  
  117  10:03  Marine  
  117  10:04  Command Center  
  118  10:08  Marauder x2  
  118  10:10  Barracks x2  
  118  10:11  Barracks  
  122  10:15  Concussive Shells  
  122  10:16  Marauder, Marine  
  125  10:38  Starport  
  125  10:39  Siege Tank, Starport  
  125  10:42  Viking x2  
  132  10:56  SCV  
  132  10:57  SCV  
  135  10:59  Orbital Command  
  134  11:04  Planetary Fortress  
  134  11:08  Command Center  
  134  11:12  Viking x2  
  134  11:13  Siege Tank  
  134  11:15  Barracks Tech Lab x3  
  134  11:17  Terran Vehicle And Ship Armor Level 1  
  141  11:29  Planetary Fortress  
  141  11:30  Refinery  
  139  11:43  Starport Reactor  
  139  11:44  Starport Tech Lab  
  139  11:45  Viking x2  
  143  11:47  Siege Tank  
  143  11:51  SCV x2  
  148  12:00  Command Center  
  148  12:15  Terran Infantry Armor Level 2, Terran Infantry Weapons Level 2  
  148  12:16  Refinery  
  148  12:18  Armory  
  148  12:20  Command Center  
  148  12:21  Fusion Core, Viking  
  150  12:39  Liberator x2  
  150  12:43  Liberator  
  156  12:58  Factory  
  156  13:00  Viking  
  156  13:01  Viking  
  163  13:09  Advanced Ballistics  
  163  13:14  Terran Vehicle And Ship Armor Level 2  
  163  13:20  Terran Ship Weapons Level 1  
  163  13:23  Marauder x2, Marine  
  163  13:24  Marauder  
  170  13:30  Viking  
  170  13:32  Liberator  
  170  13:33  Orbital Command, Command Center  
  172  13:47  Command Center  
  172  13:48  Viking  
  172  13:49  Viking, Command Center  
  179  13:59  Barracks  
  179  14:00  Barracks  
  179  14:02  Refinery, Barracks x2  
  179  14:03  Barracks  
  179  14:05  Starport  
  178  14:27  Refinery  
  172  14:43  Viking  
  172  14:44  Viking x4  
  169  14:56  Liberator  
  167  15:05  Marauder x2, Marine  
  167  15:06  Siege Tank x2  
  159  15:10  Starport Reactor  
  159  15:11  Terran Infantry Weapons Level 3  
  159  15:12  Terran Infantry Armor Level 3  
  159  15:13  Viking x2  
  129  15:14  Viking  
  168  15:22  Viking  
  168  15:25  Orbital Command  
  170  15:28  Barracks Tech Lab  
  170  15:29  Barracks Tech Lab x4  
  170  15:30  Planetary Fortress  
  170  15:34  Refinery  
  170  15:37  Planetary Fortress  
  170  15:50  Liberator x2  
  170  15:52  Refinery  
  170  16:09  Viking x5  
  180  16:38  Viking  
  160  16:48  Viking x4  
  160  16:50  Viking x2  
  148  17:08  Viking  
  148  17:13  Siege Tank  
  148  17:14  Siege Tank  
  160  17:15  Marauder, Marine  
  160  17:16  Marauder x2  
  160  17:18  Viking x4  
  160  17:20  Viking x2  
Show
View Real Time Build Order
Export as new Build Order

Methodape Terran 

Build Orders: Cyclone Opening, Reaper Expand, Mech 

Get SALT Encoding   

  12  0:01  SCV  
  13  0:13  SCV  
  14  0:18  Supply Depot  
  14  0:26  SCV  
  15  0:31  Refinery  
  15  0:39  SCV  
  16  0:45  Barracks  
  16  0:52  SCV  
  17  1:04  SCV  
  19  1:32  Reaper  
  19  1:33  Orbital Command  
  19  1:46  Command Center  
  19  1:58  Factory  
  19  2:00  SCV  
  20  2:13  Barracks Reactor  
  20  2:14  Refinery, SCV  
  21  2:27  SCV  
  22  2:33  Supply Depot  
  22  2:39  SCV  
  23  2:55  Cyclone, SCV, Hellion  
  29  2:59  Orbital Command  
  29  3:07  SCV  
  30  3:16  Cyclone  
  30  3:19  SCV  
  33  3:27  Cyclone  
  33  3:31  SCV  
  36  3:38  SCV  
  37  3:43  SCV  
  37  3:48  Refinery  
  38  3:51  SCV  
  38  3:55  SCV  
  40  3:59  Cyclone  
  43  4:03  Refinery, SCV  
  44  4:10  Supply Depot  
  44  4:16  SCV x2  
  45  4:29  Engineering Bay  
  45  4:32  SCV  
  45  4:34  SCV  
  45  4:35  Command Center  
  47  4:44  Cyclone  
  50  4:45  SCV  
  50  4:52  SCV  
  52  4:55  Armory  
  52  5:02  Missile Turret  
  50  5:14  Missile Turret, SCV  
  50  5:17  SCV  
  50  5:19  Cyclone  
  55  5:26  SCV  
  56  5:37  SCV  
  56  5:38  Factory  
  56  5:40  SCV, Factory  
  58  5:49  SCV  
  59  5:52  Starport  
  59  5:56  Supply Depot  
  59  6:05  Orbital Command, Barracks Tech Lab  
  59  6:07  Missile Turret  
  57  6:21  SCV  
  57  6:22  Factory Tech Lab  
  58  6:26  Liberator  
  58  6:37  Factory Tech Lab  
  58  6:43  Viking  
  58  6:58  Siege Tank x2  
  64  7:14  Siege Tank  
  67  7:34  Orbital Command  
  67  7:38  Viking  
  69  7:50  Orbital Command  
  69  8:37  SCV  
  69  8:38  SCV  
  69  8:39  SCV  
  68  8:42  Viking  
  67  8:51  Siege Tank  
  67  8:53  Refinery  
  67  8:54  Refinery  
  67  8:57  Missile Turret  
  63  9:09  SCV  
  60  9:16  Siege Tank  
  60  9:17  Siege Tank  
  66  9:19  SCV  
  66  9:21  SCV  
  66  9:22  SCV  
  69  9:29  Missile Turret  
  69  9:34  Supply Depot  
  69  9:36  Refinery  
  69  9:38  SCV  
  69  9:39  Command Center  
  69  9:41  Missile Turret, Viking  
  69  9:56  Siege Tank, SCV x2, Hellion  
  69  9:57  SCV  
  77  10:04  Missile Turret  
  77  10:15  Supply Depot  
  77  10:19  Liberator  
  77  10:33  Supply Depot  
  77  10:36  SCV x3  
  77  10:39  Supply Depot  
  83  10:48  SCV x2  
  85  10:51  SCV  
  85  10:54  Siege Tank x2  
  92  10:59  Sensor Tower  
  92  11:01  SCV  
  92  11:03  SCV  
  93  11:05  SCV  
  93  11:13  SCV  
  93  11:15  SCV  
  93  11:17  Siege Tank  
  98  11:19  Viking  
  98  11:21  SCV  
  101  11:27  Sensor Tower  
  101  11:40  Orbital Command  
  101  11:41  SCV  
  101  11:46  SCV  
  103  11:48  Siege Tank  
  106  11:54  Missile Turret, Supply Depot  
  106  11:55  Siege Tank  
  106  11:58  SCV  
  110  12:08  SCV  
  110  12:10  SCV x2  
  110  12:11  SCV  
  110  12:13  Supply Depot  
  114  12:21  Factory  
  114  12:25  Factory  
  114  12:33  Siege Tank x2  
  114  12:35  Barracks Reactor  
  120  12:41  Siege Tank, Viking  
  120  12:42  Viking  
  127  12:47  SCV  
  128  12:53  SCV  
  128  12:56  SCV  
  130  13:04  Terran Vehicle Weapons Level 1  
  130  13:06  Starport  
  130  13:20  SCV  
  130  13:24  Supply Depot  
  131  13:27  Barracks Reactor  
  131  13:30  Orbital Command, Supply Depot  
  131  13:31  Supply Depot  
  131  13:34  Supply Depot  
  131  13:35  Factory Reactor  
  131  13:36  SCV  
  132  13:45  Viking x2  
  132  13:48  Refinery  
  136  13:49  Supply Depot  
  136  13:50  Refinery  
  132  14:03  SCV  
  132  14:08  Siege Tank  
  132  14:09  Siege Tank  
  139  14:10  Sensor Tower  
  139  14:16  Siege Tank  
  142  14:25  Viking x4  
  105  14:53  SCV  
  105  14:55  Viking x4  
  105  14:57  Missile Turret  
  114  15:04  SCV  
  114  15:05  SCV  
  110  15:17  Siege Tank x2  
  110  15:18  Siege Tank  
  119  15:21  SCV  
  119  15:24  SCV x2  
  119  15:25  Supply Depot, Viking  
  119  15:26  SCV  
  125  15:39  Widow Mine x2  
  129  15:43  SCV  
  129  15:49  Siege Tank  
  135  15:50  Missile Turret, Hellion  
  135  15:55  SCV x3  
  135  15:56  SCV  
  139  16:05  Viking x4  
  139  16:09  Armory  
  147  16:18  Siege Tank, Thor  
  150  16:23  Supply Depot  
  156  16:27  Supply Depot  
  126  16:43  Liberator x2  
  126  16:47  Viking x2  
  119  16:51  SCV  
  110  16:59  Liberator  
  100  17:02  SCV  
  100  17:03  SCV  
  91  17:17  SCV  
  91  17:20  Siege Tank  
  98  17:23  SCV  
  99  17:42  SCV x3  
  93  17:48  Command Center  
Tags
 
Add a new tag
Caveats
  • Supply blocks, unpowered buildings, or Contaminate may cause inaccurate times.
  • Supply counts are checked every 10 seconds.